 Dungeon Crawl Stone Soup version 0.28.0-53-g5a82cb258f (webtiles) character file.

Game seed: 10840166308800403759

49 DildoBatman the Conjurer (level 4, 0/30 HPs)
             Began as a Formicid Conjurer on July 5, 2022.
             Succumbed to an adder's poison
             ... on level 2 of the Dungeon.
             The game lasted 00:03:24 (957 turns).

DildoBatman the Conjurer (Formicid Conjurer)         Turns: 957, Time: 00:03:25

Health: 0/30       AC:  2    Str: 12    XL:     4   Next: 1%
Magic:  4/7        EV: 12    Int: 17    God:
Gold:   41         SH:  0    Dex: 11    Spells: 4/7 levels left

rFire   . . .      SeeInvis +   d - +0 short sword
rCold   . . .      Faith    .   (no shield)
rNeg    . . .      Spirit   .   a - +0 robe
rPois   .          Reflect  .   (helmet unavailable)
rElec   .          Harm     .   (no cloak)
rCorr   .          Rampage  .   (no gloves)
Will    .....                   (no boots)
Stlth   ++........              g - amulet of the acrobat
HPRegen 0.10/turn               (no ring)
MPRegen 0.10/turn               (no ring)

@: lethally poisoned (0 -> -9)
A: permanent stasis, dig shafts and tunnels, antennae 3, four strong arms
a: Dig, Shaft Self


You were on level 2 of the Dungeon.
You visited 1 branch of the dungeon, and saw 2 of its levels.

You collected 61 gold pieces.
You spent 20 gold pieces at shops.

Inventory:

Hand Weapons
 c - a +0 dagger
 d - a +0 short sword (weapon)
Missiles
 b - 45 stones
Armour
 a - a +0 robe (worn)
Jewellery
 g - an amulet of the acrobat (around neck)
Scrolls
 e - 2 scrolls of teleportation {unknown}
 f - 2 scrolls of identify {unknown}
 i - a scroll of fog {unknown}
Potions
 h - a potion of curing {unknown}


   Skills:
 - Level 1.7 Dodging
 - Level 2.4 Stealth
 - Level 2.1 Spellcasting
 * Level 4.8 Conjurations


You had 4 spell levels left.
You knew the following spells:

 Your Spells              Type           Power      Damage    Failure   Level
a - Searing Ray           Conj           36%        2d5       3%          2
c - Magic Dart            Conj           72%        1d6       2%          1

Your spell library contained the following spells:

 Spells                   Type           Power      Damage    Failure   Level
 Dazzling Flash           Conj/Hex       20%        N/A       22%         3
 Fulminant Prism          Conj/Hex       5%         3d7       56%         4
 Iskenderun's Mystic Bla  Conj/Tloc      10%        2d4       56%         4


Dungeon Overview and Level Annotations

Branches:
Dungeon (2/15)

Altars:

Shops:
D:1 *=*

Annotations:
D:2 exclusion: 2 sensed monsters (detected)


Innate Abilities, Weirdness & Mutations

You cannot be hasted, slowed, berserked, paralysed or teleported.
You can dig through walls and to a lower floor.
You have a pair of large antennae on your head. (SInv)
Your four strong arms can wield two-handed weapons with a shield.


Message History

You are more poisoned.
The adder poisons you! What are your orders? t - Shout!
Orders for allies: a - Attack new target. r - Retreat! s - Stop attacking. g - Guard the area. f - Follow me.
Anything else - Cancel.
You shout for attention!
You feel sick. The adder completely misses you. The adder bites you.
You are more poisoned.
The adder poisons you! What are your orders? t - Shout!
Orders for allies: a - Attack new target. r - Retreat! s - Stop attacking. g - Guard the area. f - Follow me.
Anything else - Cancel.
You shout for attention!
You feel very sick. The adder closely misses you.
What are your orders? t - Shout!
Orders for allies: a - Attack new target. r - Retreat! s - Stop attacking. g - Guard the area. f - Follow me.
Anything else - Cancel.
You shout for attention!
You feel sick. The adder barely misses you. What are your orders? t - Shout!
Orders for allies: a - Attack new target. r - Retreat! s - Stop attacking. g - Guard the area. f - Follow me.
Anything else - Cancel.
You shout for attention!
You die...

..#{ #########.# ###
#...
.....######........†##
..####.##
............######...##
#........ ##...###).###
###..# #....>...
.........## ##..
#.####.# #.###...# #..
....##.# #..## { { ##.
..#.##.# #..# #{ #.
.......# #@S#..#{ {{ #.
..#.##.# #.....#{ {{ #.
....##.# ##....#{ { #.
#.####.#### #....# {
##. ....##.#.. {
#..)..# #.. ..#.##.#.##
#..[.... ##.#
....##.#..## ...###.
###..# ######.....#
#.#...######....#
########..##
#.###........##.#


You could see an adder.

Vanquished Creatures
  2 dart slugs (D:1)
  8 bats
  6 endoplasms
  A giant cockroach (D:1)
  2 goblins
  6 hobgoblins
  A quokka (D:2)
  5 ball pythons
  A frilled lizard (D:1)
  3 kobolds (D:1)
  5 rats
40 creatures vanquished.

Vanquished Creatures (others)
  A plant (D:1)
1 creature vanquished.

Grand Total: 41 creatures vanquished

Notes
Turn   | Place    | Note
-------+----------+-------------------------------------------
     0 | D:1      | DildoBatman the Formicid Conjurer began the quest for the
                  | Orb.
     0 | D:1      | Reached XP level 1. HP: 13/13 MP: 3/3
    21 | D:1      | Found Egas's Jewellery Emporium.
   140 | D:1      | Found Fauboiqe's Assorted Antiques.
   159 | D:1      | Reached XP level 2. HP: 19/19 MP: 0/5
   165 | D:1      | Bought a scroll labelled BETISI ESCHUT RUH for 20 gold
                  | pieces
   189 | D:1      | Learned a level 2 spell: Searing Ray
   206 | D:1      | Reached skill level 4 in Conjurations
   378 | D:1      | Reached XP level 3. HP: 22/24 MP: 4/6
   378 | D:1      | Found Lulivvo's General Store.
   941 | D:2      | Reached XP level 4. HP: 29/30 MP: 2/7
   957 | D:2      | Succumbed to an adder's poison

Illustrated notes

Levels and vault maps discovered:
D:1:      eino_arrival_druids_welcome, layout_basic, serial_shops,
          nicolae_shop_window_shopping, nicolae_diamond_shop, shop
D:2:      layout_loops_ring, basic_ecumenical_altar, basic_altar,
          minmay_randomly_rotated_circles

Skill      XL: |  1  2 |
---------------+-------+-----
Conjurations   | 4 |  4.8
Dodging        | |  1.7
Stealth        | |  2.4
Spellcasting   | |  2.1

Action                   |  1- 3 |  4- 6 || total
-------------------------+-------+-------++-------
Melee: Short sword       |    35 |       ||    35
 Cast: Magic Dart        |    60 |       ||    60
 Stab: Sleeping          |     1 |       ||     1
Armor: Robe              |     8 |       ||     8
Dodge: Dodged            |    49 |    11 ||    60
